 Dungeon Crawl Stone Soup version 0.23.2-40-g277498a001 (webtiles) character file.

Game seed: 15508098108715137461

95 Dodman the Chopper (level 4, 0/41 HPs)
             Began as a Minotaur Berserker on Oct 6, 2019.
             Was a Believer of Trog.
             Slain by a phantom (1 damage)
             ... on level 3 of the Dungeon on Oct 7, 2019.
             The game lasted 00:07:11 (2106 turns).

Dodman the Chopper (Minotaur Berserker)             Turns: 2106, Time: 00:07:11

Health: 0/41       AC:  2    Str: 22    XL:     4   Next: 39%
Magic:  3/3        EV: 12    Int:  4    God:    Trog [**....]
Gold:   91         SH:  0    Dex: 10    Spells: 3/3 levels left

rFire    . . .     SeeInvis .   a - +0 hand axe
rCold    . . .     Gourm    .   (no shield)
rNeg     . . .     Faith    .   b - +0 animal skin
rPois    .         Spirit   .   (helmet restricted)
rElec    .         Reflect  .   (no cloak)
rCorr    .         Harm     .   (no gloves)
MR       .....                  (no boots)
Stlth    +.........             (no amulet)
HPRegen  0.13/turn              (no ring)
MPRegen  0.08/turn              (no ring)

@: no status effects
A: retaliatory headbutt, horns 2
a: Berserk, Trog's Hand, Renounce Religion


You were on level 3 of the Dungeon.
You worshipped Trog.
Trog was pleased with you.
You were not hungry.

You visited 1 branch of the dungeon, and saw 3 of its levels.

You collected 91 gold pieces.

Inventory:

Hand Weapons
 a - a +0 hand axe (weapon)
Armour
 b - a +0 animal skin (worn)
Jewellery
 k - a cursed ring of teleportation {unknown}
Scrolls
 e - a scroll of enchant armour {unknown}
 f - a scroll of identify {unknown}
Potions
 d - 2 potions of mutation {unknown}
 g - a potion of magic {unknown}
 h - 2 potions of heal wounds {unknown}
 i - a potion of agility {unknown}
 j - 2 potions of invisibility {unknown}
 l - 2 potions of haste {unknown}
Comestibles
 c - 5 rations


   Skills:
 + Level 4.3 Fighting
 + Level 5.3 Axes
 + Level 2.7 Armour
 + Level 2.8 Dodging


You had 3 spell levels left.
You didn't know any spells.
Your spell library was empty.

Dungeon Overview and Level Annotations

Branches:
Dungeon (3/15)

Altars:
Hepliaklqana
Nemelex Xobeh
Xom
Zin


Innate Abilities, Weirdness & Mutations

You reflexively headbutt those who attack you in melee.
You have a pair of horns on your head.


Message History

The phantom blinks!
The phantom blinks!
You see here a +0 leather armour.
You start resting.
The phantom is too close now for your liking.
A phantom is nearby!
There isn't anything here!
The phantom blinks!
Found a ration.
A giant cockroach comes into view.
The phantom hits you.
* * * LOW HITPOINT WARNING * * *
You hit the phantom.
The phantom is severely damaged.
The phantom hits you!
* * * LOW HITPOINT WARNING * * *
You hit the phantom. Your headbutt misses the phantom.
The phantom is severely damaged.
The phantom hits you.
You die...

#.#.#.# .# #. .#.#.##
.########## #. #.#.#.#
.........# .# #. .#.#.##
.........# #.# #.
#.#.#.# .........# #.#
#. .#.#.## .........#
#.# #. #.#.#.#
.........###.## #.
.#.#.## ..s...........#
#. #.#.#.#
......W@......# #.
##.##.# ..............#
#. #..#.#
..%......(....# #.
#..#.#
..............#########.
#..#.#
.........###.[........#.
#....# ##########
##########.#. #.#..#
#.#. #.#..# #.#. #.#..#
# #.#.


You could see a phantom and a giant cockroach.

Vanquished Creatures
  2 adders (D:2)
  2 oozes (D:1)
  3 dart slugs
  2 leopard geckos
  An orc (D:3)
  5 bats
  3 giant cockroaches
  10 goblins
  8 hobgoblins
  3 jackals (D:1)
  11 kobolds
  3 frilled lizards
  5 rats
58 creatures vanquished.

Notes
Turn   | Place    | Note
-------+----------+-------------------------------------------
     0 | D:1      | Dodman the Minotaur Berserker began the quest for the Orb.
     0 | D:1      | Reached XP level 1. HP: 19/19 MP: 0/0
   276 | D:1      | Reached skill level 4 in Axes
   325 | D:1      | Reached XP level 2. HP: 15/27 MP: 1/1
   537 | D:1      | Reached XP level 3. HP: 23/33 MP: 2/2
   680 | D:1      | Reached ** piety under Trog
  1366 | D:2      | Reached skill level 5 in Axes
  1406 | D:2      | Found a sparkling altar of Nemelex Xobeh.
  1425 | D:2      | Noticed an angel
  1426 | D:2      | Found a shimmering altar of Xom.
  1426 | D:2      | Found a glowing silver altar of Zin.
  1485 | D:2      | Found a hazy altar of Hepliaklqana.
  1546 | D:2      | Reached XP level 4. HP: 36/40 MP: 3/3
  2061 | D:3      | Noticed a phantom
  2105 | D:3      | HP: 1/41 [phantom (7)]
  2106 | D:3      | Slain by a phantom

Skill      XL: |  1  2  3 |
---------------+----------+-----
Axes           | 4 5 |  5.3
Fighting       | 4 |  4.3
Armour         | |  2.7
Dodging        | |  2.8

Action                   |  1- 3 |  4- 6 || total
-------------------------+-------+-------++-------
Melee: Hand axe          |    94 |    42 ||   136
       Headbutt          |     9 |     2 ||    11
  Eat: Chunk             |     2 |     2 ||     4
Armor: Animal skin       |    15 |     2 ||    17
Dodge: Dodged            |    69 |    17 ||    86
